 Dungeon Crawl Stone Soup version 0.27.0 (webtiles) character file.

Game seed: 17077605120238373704

25946 Strat the Basher (level 12, 0/80 HPs)
             Began as a Minotaur Hunter on July 30, 2021.
             Was an Elder of Fedhas.
             Killed from afar by a ynoxinul (13 damage)
             ... with an iron shot
             ... on level 3 of the Abyss.
             The game lasted 00:40:27 (17768 turns).

Strat the Basher (Minotaur Hunter)                 Turns: 17768, Time: 00:40:28

Health: 0/80       AC: 18    Str: 22    XL:     12   Next: 94%
Magic:  17/17      EV: 15    Int:  8    God:    Fedhas [****..]
Gold:   800        SH:  0    Dex: 19    Spells: 11/11 levels left

rFire    + . .     SeeInvis +   b - +1 morningstar
rCold    + . .     Faith    .   (no shield)
rNeg     . . .     Spirit   .   e - +5 scale mail of Xom's Generosity {Str+2 SInv}
rPois    +         Reflect  .   (helmet restricted)
rElec    +         Harm     .   O - +1 cloak
rCorr    +         Rampage  .   L - +0 pair of gloves
Will     +....     Rnd*Rage +   z - +2 pair of boots
Stlth    +.........             x - amulet of the acrobat
HPRegen  0.23/turn              o - +6 ring of dexterity
MPRegen  0.15/turn              M - ring of willpower

@: resistant, unable to read
A: horns 2, retaliatory headbutt, [berserk 1], [deformed body], [frail 3],
[screaming 1], [inability to read while threatened]
a: Renounce Religion, Wall of Briars, Grow Ballistomycete, Overgrow


You were on level 3 of the Abyss.
You worshipped Fedhas.
Fedhas was greatly pleased with you.
You visited 3 branches of the dungeon, and saw 14 of its levels.
You visited the Abyss 1 time.
You also visited: Sewer and Volcano.

You collected 800 gold pieces.

Inventory:

Hand Weapons
 a - a +3 hunting sling of flaming
 b - a +1 morningstar (weapon)
Missiles
 d - 129 sling bullets
 k - 507 stones (quivered)
 n - 33 poisoned darts
 y - a throwing net
 H - 2 curare-tipped darts
Armour
 e - the +5 scale mail of Xom's Generosity (worn) {Str+2 SInv}
   (You found it in a sewer)

   Str:       It affects your strength (+2).
   SInv:      It lets you see invisible.
 z - a +2 pair of boots (worn)
 L - a +0 pair of gloves (worn)
 O - a +1 cloak (worn)
Jewellery
 o - a +6 ring of dexterity (left hand)
 x - an amulet of the acrobat (around neck)
 M - a ring of willpower (right hand)
 Q - an amulet of reflection
 R - an amulet of guardian spirit
Wands
 l - a wand of paralysis (8)
 u - a wand of digging (11)
 w - a wand of iceblast (10)
 D - a wand of polymorph (14)
 I - a wand of flame (17)
 P - a wand of mindburst (14)
Scrolls
 j - a scroll of noise {unknown}
 q - 4 scrolls of amnesia
 r - 2 scrolls of teleportation
 G - a scroll of enchant weapon
 J - a scroll of holy word
 K - 2 scrolls of blinking
 S - a scroll of magic mapping
Potions
 c - 2 potions of haste {unknown}
 f - a potion of degeneration
 g - 2 potions of mutation {unknown}
 h - a potion of brilliance
 i - 2 potions of magic {unknown}
 m - a potion of ambrosia
 p - a potion of cancellation
 t - a potion of curing
 v - a potion of invisibility
 B - a potion of attraction
 F - 2 potions of lignification {unknown}


   Skills:
 + Level 13.6 Fighting
 - Level 14.0 Maces & Flails
 - Level 4.3 Slings
 - Level 10.0 Armour
 + Level 8.7 Dodging
 - Level 0.7 Stealth
 + Level 8.9 Invocations


You had 11 spell levels left.
You didn't know any spells.
Your spell library contained the following spells:

 Spells                   Type           Power      Damage    Failure   Level
 Beastly Appendage        Tmut           0%         N/A       67%         1
 Wereblood                Tmut           0%         N/A       82%         2
 Spider Form              Tmut/Pois      0%         N/A       96%         3
 Tukima's Dance           Hex            0%         N/A       96%         3
 Passage of Golubria      Tloc           N/A        N/A       100%        4
 Yara's Violent Unravell  Hex/Tmut       0%         3d3       100%        5


Dungeon Overview and Level Annotations

Branches:
Dungeon (12/15) Temple (1/1) D:6 Lair (1/6) D:11 Orc (0/2) D:8 D:9 Sewer (visited) Volcano (visited)

Altars:
Ashenzari
Cheibriados
Dithmenos
Elyvilon
Fedhas
Gozag
Hepliaklqana
Kikubaaqudgha
Makhleb
Nemelex Xobeh
Okawaru
Qazlal
Ru
Sif Muna
Trog
Uskayaw
Vehumet
Wu Jian
Xom
Yredelemnul
Zin
The Shining One

Shops:
D:1 [   D:5 *   D:9 [


Innate Abilities, Weirdness & Mutations

You have a pair of horns on your head.
You reflexively headbutt those who attack you in melee.
[You tend to lose your temper in combat.]
[Armour fits poorly on your strangely shaped body.]
[You are extremely frail. (-30% HP)]
[You occasionally shout uncontrollably at your foes.]
[You sometimes lose the ability to read scrolls when taking damage.]


Message History

You headbutt the air elemental!
The air elemental fires a burst of electricity at you.
The stunning burst hits you but does no damage.
The ynoxinul gestures at you. The iron shot hits you!
* * * LOW HITPOINT WARNING * * *
You feel better.
The air elemental hits you but does no damage.
The air elemental fires a burst of electricity at you.
The stunning burst hits you. You resist.
You suddenly lose the ability to move!
* * * LOW HITPOINT WARNING * * *
You can move again.
You barely miss the air elemental.
The air elemental is almost destroyed.
The air elemental hits you.
* * * LOW HITPOINT WARNING * * *
The air elemental hits you but does no damage.
You feel better.
You feel a little less mighty now.
The air elemental fires a burst of electricity at you.
The stunning burst hits you but does no damage.
You shrug off the repeated paralysis!
The stunning burst hits the ynoxinul!
The ynoxinul resists.
The air elemental barely misses you.
The air elemental hits you but does no damage.
The ynoxinul gestures.
You hit the air elemental.
You destroy the air elemental!
Fedhas accepts your kill.
A wraith comes into view.
A small abomination comes into view.
You barely miss the ynoxinul. You headbutt the ynoxinul!
The ynoxinul is severely wounded.
The ynoxinul misses you. You furiously retaliate!
You headbutt the ynoxinul, but do no damage.
You hit the ynoxinul. Your headbutt misses the ynoxinul.
The ynoxinul is severely wounded.
The ynoxinul gestures at you. The iron shot hits you!
You die...
Fedhas appreciates your contribution to the ecosystem.

.###.. # ....
... .... # #
.#.. ... .#.#
....##..##..##.
......#5.......
.........5W# #.
#.....5### ..#
. #
#.#.#.#3@##.. #
# # #.....x###
.. # . ......#.
. #.# .. ...##
. . # #.#. .
...###.#. # .
..#. ..# #..
.... . .# #...
.#... . # #
.... ..... # .
. # ....# # # #
. ..


You could see a ynoxinul, a small abomination and an ufetubus (summoned).

Vanquished Creatures
  A centaur warrior (D:11)
  7 two-headed ogres
  A wretched star (Abyss:3)
  Pikel (D:9)
  2 large abominations (Abyss:3)
  A wizard (Volcano)
  3 cyclopes
  A deep elf pyromancer (D:12)
  Joseph (D:11)
  2 toenail golems (Volcano)
  Maurice (D:9)
  A black mamba (Lair:1)
  A smoke demon (Abyss:3)
  2 cane toads (Lair:1)
  4 kobold demonologists (D:12)
  3 komodo dragons
  A rime drake (Lair:1)
  A freezing wraith (D:12)
  2 trolls (D:12)
  3 hornets
  Grinder (D:5)
  A shadow (D:11)
  An air elemental (Abyss:3)
  2 wyverns (Lair:1)
  19 yaks
  A wraith (D:8)
  3 vampire mosquitoes (D:11)
  Grum (D:9)
  A steam dragon (D:8)
  2 water moccasins (Lair:1)
  2 ice beasts (D:8)
  4 orc warriors
  A necrophage (D:4)
  5 ogres
  5 black bears
  2 wolves (D:8)
  2 centaurs
  A lemure (D:8)
  2 phantoms
  5 kobold brigands
  A small abomination (Abyss:3)
  Blork the orc (D:4)
  6 bullfrogs
  A gnoll sergeant (D:7)
  A scorpion (D:5)
  3 water moccasin skeletons
  3 killer bees (D:9)
  3 wights (D:9)
  3 vampire bats (D:6)
  2 howler monkeys
  6 centaur zombies
  A hound (D:5)
  A bullfrog skeleton (D:6)
  3 jellies (D:5)
  2 gnoll shamans
  6 orc priests
  A centaur skeleton (D:3)
  2 iguanas (D:5)
  17 orc wizards
  A killer bee zombie (D:7)
  A hound zombie (D:5)
  A hound skeleton (D:4)
  17 gnolls
  3 river rats (D:4)
  10 adders
  A shadow imp (D:6)
  A white imp (D:6)
  An adder skeleton (D:4)
  2 worms
  A dart slug (D:1)
  33 orcs
  5 ball pythons
  11 bats
  8 endoplasms
  15 giant cockroaches
  11 goblins
  6 hobgoblins
  5 jackals (D:2)
  21 kobolds
  4 quokkas
  5 frilled lizards
  5 rats
331 creatures vanquished.

Vanquished Creatures (others)
  A shadow (D:10)
  Sigmund (D:5)
  3 fungi
  13 plants
18 creatures vanquished.

Grand Total: 349 creatures vanquished

Notes
Turn   | Place    | Note
-------+----------+-------------------------------------------
     0 | D:1      | Strat the Minotaur Hunter began the quest for the Orb.
     0 | D:1      | Reached XP level 1. HP: 18/18 MP: 0/0
   284 | D:1      | Reached skill level 1 in Armour
   306 | D:1      | Found a faded altar of an unknown god.
   398 | D:1      | Reached XP level 2. HP: 26/26 MP: 1/1
   485 | D:1      | Found Agiapn's Antique Armour Boutique.
  1063 | D:2      | Reached XP level 3. HP: 27/31 MP: 2/2
  1458 | D:2      | Found a broken altar of Ashenzari.
  1734 | D:2      | Reached XP level 4. HP: 37/40 MP: 3/3
  2033 | D:2      | Reached skill level 5 in Fighting
  2175 | D:3      | Reached XP level 5. HP: 50/50 MP: 4/4
  2945 | D:3      | Noticed a phantom
  2959 | D:3      | Killed a phantom
  2960 | D:3      | Reached XP level 6. HP: 22/60 MP: 5/5
  3460 | D:4      | Found a glowing drain.
  3464 | Sewer    | Entered a sewer
  3890 | Sewer    | Identified the +5 scale mail of Xom's Generosity {Str+2
                  | SInv}
  3994 | D:4      | Reached XP level 7. HP: 66/68 MP: 6/6
  4041 | D:4      | Found an ornate altar of the Wu Jian Council.
  4761 | D:4      | Reached skill level 5 in Armour
  5091 | D:5      | Entered Level 5 of the Dungeon
  5142 | D:5      | Reached XP level 8. HP: 78/78 MP: 7/7
  5222 | D:5      | Found Zin's Purification Station.
  5246 | D:5      | Found a glowing silver altar of Zin.
  5260 | D:5      | Noticed Grinder
  5274 | D:5      | Paralysed by Grinder for 6 turns
  5282 | D:5      | Killed Grinder
  5283 | D:5      | Reached skill level 5 in Dodging
  5400 | D:5      | Noticed Blork the orc
  5430 | D:5      | Reached skill level 10 in Fighting
  5454 | D:4      | Killed Blork the orc
  5655 | D:5      | Noticed Sigmund
  5690 | D:5      | Killed Sigmund
  5992 | D:6      | Reached skill level 1 in Maces & Flails
  6058 | D:6      | Reached skill level 2 in Maces & Flails
  6065 | D:6      | Reached XP level 9. HP: 90/90 MP: 8/8
  6220 | D:6      | Reached skill level 3 in Maces & Flails
  6259 | D:6      | Found a staircase to the Ecumenical Temple.
  6272 | D:6      | Reached skill level 4 in Maces & Flails
  6473 | Temple   | Entered the Ecumenical Temple
  6610 | Temple   | Became a worshipper of Fedhas Madash
  6768 | D:6      | Found a snail-covered altar of Cheibriados.
  6768 | D:6      | Found a shimmering altar of Xom.
  7201 | D:6      | Reached skill level 5 in Maces & Flails
  7388 | D:7      | Found a hide-covered altar of Uskayaw.
  7567 | D:7      | Reached skill level 6 in Maces & Flails
  7626 | D:7      | Reached * piety under Fedhas
  7888 | D:7      | Reached skill level 7 in Maces & Flails
  8330 | D:7      | Found a white marble altar of Elyvilon.
  8476 | D:8      | Reached skill level 8 in Maces & Flails
  8682 | D:8      | Noticed a cyclops
  8767 | D:8      | Paralysed by a hornet for 3 turns
  8774 | D:7      | Reached skill level 9 in Maces & Flails
  9136 | D:7      | Reached skill level 10 in Maces & Flails
  9306 | D:8      | Killed a cyclops
  9307 | D:8      | Reached skill level 1 in Invocations
  9307 | D:8      | Reached XP level 10. HP: 97/97 MP: 8/10
 10011 | D:8      | Found a sacrificial altar of Ru.
 10011 | D:8      | Found a sparkling altar of Nemelex Xobeh.
 10040 | D:8      | Reached ** piety under Fedhas
 10225 | D:8      | Found a basalt altar of Yredelemnul.
 10801 | D:9      | Noticed a two-headed ogre
 10868 | D:9      | Found a staircase to the Orcish Mines.
 10868 | D:9      | Found Zuzoasuw's Armour Boutique.
 11141 | D:9      | Noticed Pikel
 11312 | D:9      | Noticed Grum
 11792 | D:9      | Noticed Maurice
 11803 | D:9      | Killed Maurice
 11840 | D:9      | Reached skill level 5 in Invocations
 11840 | D:9      | Noticed a two-headed ogre
 11948 | D:9      | Noticed a two-headed ogre
 12146 | D:9      | Killed Grum
 12181 | D:9      | Killed Pikel
 12375 | D:9      | Killed a two-headed ogre
 12566 | D:9      | Killed a two-headed ogre
 12567 | D:9      | Reached XP level 11. HP: 104/104 MP: 14/14
 12849 | D:9      | Found a glowing golden altar of the Shining One.
 12945 | D:9      | Killed a two-headed ogre
 12946 | D:9      | Reached skill level 10 in Armour
 13101 | D:9      | Found an ancient bone altar of Kikubaaqudgha.
 13101 | D:9      | Found a radiant altar of Vehumet.
 13115 | D:9      | Found a shimmering blue altar of Sif Muna.
 13176 | D:10     | Entered Level 10 of the Dungeon
 13291 | D:10     | Reached skill level 11 in Maces & Flails
 13451 | D:10     | Paralysed by a hornet for 3 turns
 13734 | D:10     | Reached *** piety under Fedhas
 14052 | D:10     | Reached skill level 12 in Maces & Flails
 14254 | D:10     | Noticed a two-headed ogre
 14260 | D:10     | Killed a two-headed ogre
 14471 | D:11     | Reached skill level 13 in Maces & Flails
 14823 | D:11     | Found a staircase to the Lair.
 14940 | D:11     | Noticed a two-headed ogre
 14971 | D:11     | Killed a two-headed ogre
 14972 | D:11     | Reached skill level 14 in Maces & Flails
 15068 | D:11     | Noticed a centaur warrior
 15076 | D:11     | Killed a centaur warrior
 15150 | D:11     | Reached XP level 12. HP: 109/112 MP: 15/15
 15175 | D:11     | Noticed Joseph
 15194 | D:11     | Killed Joseph
 15429 | D:12     | Noticed a two-headed ogre
 15805 | D:12     | Killed a two-headed ogre
 15969 | D:12     | Reached **** piety under Fedhas
 16436 | D:12     | Noticed a two-headed ogre
 16454 | D:12     | Killed a two-headed ogre
 16668 | D:12     | Noticed a death knight
 16977 | Lair:1   | Entered Level 1 of the Lair of Beasts
 17496 | Lair:1   | Found a dark tunnel.
 17523 | Volcano  | Entered a volcano
 17574 | Volcano  | Cast into level 3 of the Abyss (a wizard)
 17627 | Abyss:3  | Noticed a starcursed mass
 17760 | Abyss:3  | HP: 2/80 [ynoxinul/iron shot (7)]
 17761 | Abyss:3  | Paralysed by an air elemental for 1 turns
 17768 | Abyss:3  | Killed from afar by a ynoxinul

Illustrated notes

Levels and vault maps discovered:
D:1:      dpeg_cavernosity, layout_basic, ebering_ecumenical_altar_petrified,
          serial_shops, nicolae_square_shop, minmay_pentomino_v2
D:2:      minmay_evil_eye, layout_basic, basic_altar
D:3:      layout_basic, kennysheep_donut, hangedman_decor_riveting
D:4:      layout_loops_ring, mainiacjoe_overflow_cross_hatched,
          gup_sewer_entry_spiral
D:5:      layout_gridville, zin_purify, grunt_ministairs_5, uniq_blork_the_orc,
          uniq_grinder, uniq_sigmund
D:6:      layout_loops_ring, grunt_temple_overflow_open,
          minmay_temple_entry_sparse_star, serial_aquarium,
          aquarium_bridge_square [aquarium_subvault_window,
          aquarium_subvault_bridge, aquarium_subvault_balcony,
          aquarium_subvault_window], aquarium_bridge_long_separate
          [aquarium_subvault_wall, aquarium_subvault_bridge,
          aquarium_subvault_bridge, aquarium_subvault_window,
          aquarium_subvault_bridge, aquarium_subvault_balcony],
          aquarium_window_corner, aquarium_window_fake, aquarium_view_2d,
          aquarium_view_2b, roderic_batcave
D:7:      layout_loops_cross, nicolae_uskayaw_dance_hall,
          mainiacjoe_overflow_alcove_4
D:8:      layout_basic, mainiacjoe_overflow_chevrons,
          gammafunk_temple_overflow_statue
D:9:      layout_long_grid, palyth_temple_overflow_mages,
          nicolae_overflow_crystal_walls, serial_shops, shop,
          hangedman_decor_clover_reticule, uniq_pikel, uniq_maurice, uniq_grum
D:10:     layout_basic, minmay_misc_feat_tiny, lemuel_old_faithful
D:11:     layout_roguey, david_lair_shrubbed, minmay_sticks_and_stones
D:12:     layout_loops_ring
Temple:   nicolae_temple_figure_zero
Lair:1:   layout_misc_corridors, nicolae_volcano_entry_hallway,
          chequers_serial_rivers_marsh, grunt_megastairs_2
Abyss:3:  base: D:15, evilmike_abyss_rune_ettins, nicolae_abyss_rune_star_stuff
Volcano:  volcano_bunker

Skill      XL: |  1  2  3  4  5  6  7  8  9 10 11 12 |
---------------+-------------------------------------+-----
Armour         | 1 2 3 5 9 10 | 10.0
Fighting       | 3 4 5 7 8 9 11 12 13 | 13.6
Dodging        | 4 5 8 |  8.7
Maces & Flails | 2 10 14 | 14.0
Invocations    | 1 6 8 |  8.9
Slings         | |  4.3
Stealth        | |  0.7

Action                   |  1- 3 |  4- 6 |  7- 9 | 10-12 || total
-------------------------+-------+-------+-------+-------++-------
Melee: Short sword       |    29 |   115 |   270 |   102 ||   516
       Dagger            |    29 |    18 |       |       ||    47
       Headbutt          |     8 |    17 |    75 |   152 ||   252
       Morningstar       |       |       |       |   387 ||   387
 Fire: Hunting sling     |    30 |    15 |    74 |   114 ||   233
Evoke: Wand              |       |       |     4 |    18 ||    22
  Use: Scroll            |       |     1 |    13 |    12 ||    26
       Potion            |       |       |     1 |     7 ||     8
 Stab: Paralysed         |       |       |       |    10 ||    10
Armor: Ring mail         |    19 |    41 |       |       ||    60
       Scale mail        |       |     5 |   130 |   224 ||   359
       Skin              |       |       |       |     1 ||     1
Dodge: Dodged            |    45 |    72 |   170 |   331 ||   618
